AoeStats
← lethe711

African Clearing

510457770Analyzed
3v3 RM · 16h ago on Oct 1, 2026· 33m 49s· 6 players
Game mode
Random Map
Map size
Normal (6 player)
Population
200
Speed
Normal
Resources
Standard
Victory
Conquest
Starting age
Dark Age
Ending age
Imperial Age
RankedLock teamsTeams togetherTeam positionsShared explorationLock speedFull tech treeHidden civsTurbo modeCheats
Victory
Defeat
🇵🇪 Cumans · Peru
1240
+15
🇦🇷 Japanese · Argentina
1235
+15
🇦🇺 Mongols · Australia
1226
+16
🇮🇳 Wei · India
1248
-17
🇦🇷 Aztecs · Argentina
1218
-15
🇨🇱 Vietnamese · Chile
1184
-14
Squirtle
4:48 Loom
14:25 Feudal Age
14:56 Double-Bit Axe
15:56 Wheelbarrow
23:50 Castle Age
23:40 Scale Mail Armor
24:57 Horse Collar
24:49 Pikeman
27:45 Chain Mail Armor
29:32 Hand Cart
29:42 Fletching
El loro
10:32 Loom
18:20 Feudal Age
[T41] Indian War Lord
8:26 Loom
15:56 Feudal Age
16:31 Double-Bit Axe
16:32 Horse Collar
16:48 Gold Mining
16:52 Fishing Lines
19:35 Forging
26:12 Castle Age
24:14 Fletching
25:08 Town Watch
25:27 Stone Mining
26:51 Bodkin Arrow
27:14 Thumb Ring
28:23 Medium Warships
ozzyhapdo
3:04 Loom
14:30 Feudal Age
16:09 Town Watch
18:51 Castle Age
16:58 Double-Bit Axe
17:13 Stone Mining
17:42 Horse Collar
18:40 Fletching
20:26 Bow Saw
22:45 Bloodlines
24:20 Padded Archer Armor
26:09 Bodkin Arrow
27:18 Leather Archer Armor
29:01 Wheelbarrow
29:00 Forging
28:58 Capped Ram
33:56 Hand Cart
lethe711
7:00 Loom
14:02 Feudal Age
15:12 Double-Bit Axe
17:20 Scale Barding Armor
17:57 Forging
19:57 Horse Collar
22:36 Bloodlines
25:52 Castle Age
24:41 Stone Mining
26:13 Fletching
26:19 Light Cavalry
30:10 Fervor
30:02 Husbandry
GuilleGodoy95
5:01 Loom
14:11 Feudal Age
15:30 Wheelbarrow
17:38 Double-Bit Axe
25:53 Fletching
28:50 Castle Age
28:01 Man-at-Arms
28:29 Arson
Connection lost

Rejoining the realm…

Still unreachable

The connection could not be restored.

Session expired

The server has moved on; the page needs a fresh start.